 Dungeon Crawl Stone Soup version 0.30-a0-634-g8abc85282e (webtiles) character file.

Game seed: 4231141116411494415

18 Rrauwl the Sneak (level 2, -1/19 HPs)
             Began as a Gargoyle Delver on Jan 14, 2023.
             Slain by an orc wizard
             ... wielding a +0 dagger
              (3 damage)
             ... on level 3 of the Dungeon.
             The game lasted 00:01:53 (146 turns).

Rrauwl the Sneak (Gargoyle Delver)                   Turns: 146, Time: 00:01:53

Health: -1/19      AC:  5    Str: 15    XL:     2   Next: 66%
Magic:  2/2        EV: 11    Int: 10    God:
Gold:   10         SH:  0    Dex: 11    Spells: 1/1 levels left

rFire   . . .      SeeInvis .    a - +0 mace
rCold   . . .      Faith    .    (no shield)
rNeg    + . .      Spirit   .    b - +0 leather armour
rPois   ∞          Reflect  .    (no helmet)
rElec   +          Harm     .    (no cloak)
rCorr   .          Rampage  .    (no gloves)
Will    .....                    (no boots)
Stlth   +++                      (no amulet)
HPRegen 0.23/turn                (no ring)
MPRegen 0.08/turn                (no ring)

@: hasted, very quick
A: sickness immunity, AC +2, negative energy resistance 1, electricity
resistance, torment resistance 1, petrification resistance
a: no special abilities


You were on level 3 of the Dungeon.
You visited 1 branch of the dungeon, and saw 3 of its levels.

You collected 10 gold pieces.

Inventory:

Hand Weapons
 a - a +0 mace (weapon)
Armour
 b - a +0 leather armour (worn)
Wands
 g - a wand of digging (3)
Scrolls
 c - a scroll of fog
 d - a scroll of magic mapping
 e - a scroll of fear


   Skills:
 + Level 3.5 Fighting
 + Level 2.3 Maces & Flails
 + Level 1.9 Dodging
 + Level 5.6 Stealth


You had one spell level left.
You didn't know any spells.
Your spell library was empty.

Dungeon Overview and Level Annotations

Branches:
Dungeon (5/15)
 Temple: D:4-7

Altars:


Innate Abilities, Weirdness & Mutations

You are immune to sickness and miasma.
Your stone body is resilient. (AC +2)
You are immune to poison.
You resist negative energy. (rN+)
You are resistant to electric shocks. (rElec)
You are resistant to unholy torment.
You are immune to petrification.


Message History

The orc is heavily wounded.
The orc hits you but does no damage. The orc misses you.
You thump the orc!
You kill the orc!
You have reached level 2!
The adder hisses angrily.
Items here: ))) [ †.
You sock the adder!
The adder is almost dead.
The adder bites you. x2
The orc wizard shouts!
You sock the adder!
You kill the adder!
The orc wizard casts a spell at you. The magic dart hits you!
Items here: ))) [ ††.
You feel yourself speed up. The orc wizard barely misses you.
You hit the orc wizard.
The orc wizard is lightly wounded.
You sock the orc!
The orc is almost dead.
You barely miss the orc.
The orc is almost dead.
The orc wizard casts a spell.
The orc wizard flickers and vanishes!
Deactivating autopickup; reactivate with Ctrl-A.
You completely miss the orc.
The orc is almost dead.
The orc hits you with a +0 war axe.
You sock the orc!
You kill the orc!
Something hits you.
You barely miss something. Something hits you.
* * * LOW HITPOINT WARNING * * *
You miss something. You barely miss something. Something hits you.
* * * LOW HITPOINT WARNING * * *
You miss something. Something hits you.
You die...

#.#.##### #...#
### ##..# ...
##.####.#
#......# ##.
##...###....
###......#
#########......#
#.).@).........#
#....{.........#
#..............#
#########........
#......##
#....o.#
#######.# .#


There were no monsters in sight!

Vanquished Creatures
  An adder (D:3)
  3 orcs (D:3)
  A goblin (D:3)
  A hobgoblin (D:3)
6 creatures vanquished.

Notes
Turn   | Place    | Note
-------+----------+-------------------------------------------
     0 | D:5      | Rrauwl the Gargoyle Delver began the quest for the Orb.
     0 | D:5      | Reached XP level 1. HP: 14/14 MP: 1/1
    12 | D:4      | Noticed a black bear
    60 | D:3      | Noticed an orc wizard
   127 | D:3      | Reached XP level 2. HP: 19/19 MP: 2/2
   146 | D:3      | Slain by an orc wizard

Illustrated notes

Levels and vault maps discovered:
D:3:      layout_basic, gammafunk_ghost_icy
D:4:      layout_cave_pools, nzn_wu_jian_contemplation, uniq_natasha
D:5:      gammafunk_wand_slinger, layout_basic,
          mainiacjoe_overflow_surrounded_room, minmay_temple_entry_junction,
          portal_sewer_entry_e, uniq_eustachio

Action                   || total
-------------------------++-------
Melee: Mace              ||    22
  Use: Potion            ||     1
Armor: Leather armour    ||    11
Dodge: Dodged            ||    15

Table legend: (Time is in decaauts)
 A = Elapsed time spent in this place.
 B = Non-inter-level travel time spent in this place.
 C = Inter-level travel time spent in this place.
 D = Time resting spent in this place.
 E = Time spent auto-exploring this place.
 F = Levels seen in this place.
 G = Mean time per level.
                   A        B        C        D        E       F      G
               +--------+--------+--------+--------+--------+-----+--------+
         Total |    147 |    141 |      6 |      0 |     15 |   3 |   49.0 |
       Dungeon |    147 |    141 |      6 |      0 |     15 |   3 |   49.0 |
               +--------+--------+--------+--------+--------+-----+--------+

Top non-repeatable levels by time:
     D:3: 101 daAuts
     D:4: 33 daAuts
     D:5: 12 daAuts
